Map: Distant Plane

Players

Grumm - Winner!

  • Race: Protoss Protoss
  • League: Gold

TylerDurden - Winner!

  • Race: Zerg Zerg
  • League: Platinum

astinio

  • Race: Protoss Protoss
  • League: Platinum

wamphyrix

  • Race: Terran Terran
  • League: Gold

VOD

Have the link to the VOD?

Description

Time

  • Played on: Jan. 24, 2016, 11:42 p.m.
  • Length: 8:09
Show
View Real Time Build Order
Export as new Build Order

Grumm Protoss - Winner!

Build Orders: Oracle Opening 

Get SALT Encoding   

  12  0:01  Probe (Chrono Boost)  
  13  0:12  Probe (Chrono Boost)  
  14  0:20  Pylon  
  14  0:22  Probe (Chrono Boost)  
  15  0:36  Assimilator  
  15  0:39  Probe (Chrono Boost)  
  16  0:46  Gateway  
  16  0:49  Probe (Chrono Boost)  
  17  1:00  Probe (Chrono Boost)  
  18  1:06  Gateway  
  18  1:14  Probe (Chrono Boost)  
  18  1:17  Assimilator  
  19  1:25  Pylon  
  19  1:27  Probe (Chrono Boost)  
  20  1:34  Zealot  
  22  1:41  Cybernetics Core  
  22  1:48  Probe (Chrono Boost)  
  23  1:59  Probe (Chrono Boost)  
  24  2:02  Pylon  
  24  2:06  Zealot  
  28  2:18  Adept  
  28  2:19  Warp Gate (Chrono Boost)  
  28  2:33  Adept  
  28  2:35  Probe  
  31  2:43  Stargate  
  31  2:46  Stargate  
  31  2:57  Stalker  
  33  3:19  Nexus  
  33  3:28  Oracle  
  30  4:01  Void Ray  
  32  4:04  Probe  
  33  4:11  Void Ray  
  33  4:16  Probe  
  38  4:28  Probe  
  39  4:47  Void Ray (Chrono Boost)  
  43  4:55  Pylon  
  43  4:59  Gateway  
  43  5:01  Probe  
  43  5:02  Assimilator  
  43  5:03  Probe  
  45  5:09  Void Ray (Chrono Boost)  
  49  5:25  Pylon  
  49  5:28  Probe x2  
  51  5:40  Probe x2  
  53  6:06  Probe x2  
  55  6:19  Zealot x2  
  55  6:23  Assimilator  
  59  6:26  Probe, Gateway  
  59  6:27  Probe  
  59  6:29  Void Ray (Chrono Boost), Gateway  
  65  6:59  Zealot x2  
  67  7:20  Void Ray (Chrono Boost)  
  69  7:31  Pylon  
  69  7:34  Pylon  
  69  7:35  Probe  
  69  7:36  Pylon  
Show
View Real Time Build Order
Export as new Build Order

TylerDurden Zerg - Winner!

Build Orders: Pool First 

Get SALT Encoding   

  12  0:01  Drone  
  13  0:12  Overlord  
  13  0:18  Drone  
  14  0:32  Drone x2  
  14  0:35  Drone  
  17  0:45  Extractor  
  17  0:46  Drone  
  17  0:53  Spawning Pool  
  16  0:57  Drone  
  17  1:12  Overlord  
  17  1:18  Drone  
  18  1:42  Drone x2  
  18  1:43  Queen  
  22  1:51  Hatchery  
  21  2:03  Overlord  
  21  2:04  Zergling x2  
  23  2:15  Zergling x2  
  23  2:25  Zergling x2  
  24  2:36  Zergling x2  
  25  2:42  Queen  
  27  2:48  Zergling x2  
  28  2:57  Overlord  
  28  3:00  Zergling x4  
  28  3:05  Overlord  
  30  3:07  Queen  
  30  3:08  Zergling x2  
  33  3:21  Zergling x2  
  33  3:22  Zergling x2  
  33  3:25  Metabolic Boost  
  35  3:31  Drone  
  35  3:32  Drone  
  38  3:48  Drone x3  
  38  3:49  Drone  
  35  4:20  Drone x3  
  35  4:21  Drone x6  
  35  4:22  Drone  
  41  4:27  Roach Warren  
  40  4:46  Extractor  
  40  4:48  Overlord x2  
  39  4:53  Zergling x8  
  43  5:10  Roach x2  
  43  5:11  Roach x4  
  55  5:17  Lair  
  59  5:35  Roach x2  
  59  5:36  Overlord x2, Roach x3  
  65  5:55  Hatchery  
  64  5:57  Drone x4  
  64  5:58  Drone x4  
  72  6:31  Roach x3  
  72  6:32  Roach x3  
  84  6:34  Overlord  
  82  6:48  Roach  
  86  6:54  Roach x5  
  86  6:56  Overlord x2  
  71  7:10  Roach x2  
  71  7:12  Queen  
  71  7:14  Queen  
  69  7:21  Roach x2  
  73  7:28  Roach  
  75  7:39  Roach  
  75  7:40  Roach  
  79  7:49  Roach  
Show
View Real Time Build Order
Export as new Build Order

astinio Protoss 

Build Orders: Nexus First 

Get SALT Encoding   

  12  0:01  Probe (Chrono Boost)  
  13  0:11  Probe (Chrono Boost)  
  14  0:18  Pylon  
  14  0:22  Probe (Chrono Boost)  
  15  0:36  Probe (Chrono Boost)  
  16  0:46  Probe (Chrono Boost)  
  17  1:02  Nexus  
  17  1:11  Gateway  
  17  1:15  Assimilator  
  17  1:25  Gateway  
  17  1:27  Probe (Chrono Boost)  
  18  1:38  Probe (Chrono Boost)  
  19  1:50  Pylon  
  19  2:02  Cybernetics Core  
  19  2:17  Probe (Chrono Boost)  
  20  2:28  Pylon, Probe (Chrono Boost)  
  21  2:30  Pylon  
  21  2:41  Probe (Chrono Boost)  
  23  2:44  Warp Gate (Chrono Boost)  
  23  2:45  Stalker x2  
  23  2:50  Probe (Chrono Boost)  
  27  2:52  Probe (Chrono Boost)  
  27  2:54  Assimilator  
  28  3:01  Probe (Chrono Boost)  
  28  3:03  Probe (Chrono Boost)  
  30  3:14  Mothership Core (Chrono Boost), Probe (Chrono Boost)  
  33  3:24  Pylon  
  33  3:26  Pylon  
  33  4:05  Adept x2  
  26  4:40  Probe  
  25  4:47  Gateway x2  
  25  4:50  Gateway  
  25  4:52  Probe  
  26  4:58  Pylon  
  26  4:59  Pylon  
  26  5:00  Stalker  
  26  5:01  Stalker  
  26  5:04  Probe (Chrono Boost)  
  31  5:24  Robotics Facility, Stalker x2  
  35  5:29  Probe x2 (Chrono Boost)  
  37  5:39  Probe (Chrono Boost)  
  37  5:40  Probe (Chrono Boost)  
  39  5:47  Adept x3  
  45  5:50  Probe x2 (Chrono Boost), Sentry  
  45  5:54  Sentry  
  45  5:55  Pylon  
  50  6:01  Probe (Chrono Boost)  
  46  6:19  Probe (Chrono Boost)  
  46  6:23  Forge  
  47  6:30  Probe (Chrono Boost)  
  48  6:42  Adept x3  
  22  7:28  Stalker x5  
Show
View Real Time Build Order
Export as new Build Order

wamphyrix Terran 

Build Orders:  

Get SALT Encoding   

  12  0:05  SCV  
  13  0:17  SCV  
  13  0:19  Supply Depot  
  14  0:29  SCV  
  14  0:32  Refinery  
  15  0:41  SCV  
  16  0:48  Barracks  
  16  0:53  SCV  
  17  1:05  SCV  
  18  1:12  Barracks  
  18  1:17  SCV  
  19  1:29  SCV  
  21  1:43  Supply Depot  
  21  2:03  Marine x2  
  21  2:07  Orbital Command  
  21  2:08  Factory  
  22  2:10  Refinery  
  22  2:21  Bunker, Marine x2  
  24  2:33  Supply Depot  
  24  2:44  Marine x2  
  26  2:53  Factory Tech Lab  
  26  2:58  SCV  
  27  3:01  Starport  
  27  3:10  Marine x2  
  29  3:13  SCV  
  30  3:23  Siege Tank  
  33  3:29  Barracks Reactor  
  33  3:30  Barracks Tech Lab  
  33  3:39  Engineering Bay  
  33  3:44  Starport Reactor  
  33  3:46  Supply Depot  
  33  4:12  Marine x3  
  36  4:23  Medivac  
  36  4:30  Missile Turret  
  36  4:37  SCV  
  37  4:38  Marine x3  
  40  4:49  SCV  
  41  4:56  Marine  
  41  4:59  Medivac x2  
  46  5:00  Marine  
  47  5:09  Supply Depot  
  47  5:17  Stimpack  
  47  5:25  Supply Depot  
  47  5:30  Marine x2  
  49  5:43  Marauder  
  49  5:48  Marine x2  
  53  5:53  Command Center  
  53  6:04  Marauder  
  55  6:27  Siege Tank  
  58  6:50  Command Center  
  38  7:23  Marine  
  38  7:24  Marine x2  
  40  7:41  Marine  
  40  7:42  Marauder  
Tags
 
Add a new tag
Caveats
  • Supply blocks, unpowered buildings, or Contaminate may cause inaccurate times.
  • Supply counts are checked every 10 seconds.